 Dungeon Crawl Stone Soup version 0.30-a0-883-g5ad918d77d (webtiles) character file.

Game seed: 13228645616677460621

252 howech the Sneak (level 6, 0/36 HPs)
             Began as an Octopode Enchanter on Mar 15, 2023.
             Slain by an adder (2 damage)
             ... on level 3 of the Dungeon.
             The game lasted 00:05:44 (1643 turns).

howech the Sneak (Octopode Enchanter)               Turns: 1643, Time: 00:05:45

Health: 0/36       AC:  1    Str:  7    XL:     6   Next: 13%
Magic:  7/10       EV: 13    Int: 20    God:
Gold:   87         SH:  0    Dex: 12    Spells: 7/10 levels left

rFire   . . .      SeeInvis .    a - +1 dagger
rCold   . . .      Faith    .    (no shield)
rNeg    . . .      Spirit   .    (helmet restricted)
rPois   .          Reflect  .    (no amulet)
rElec   .          Rampage  .    (no ring)
rCorr   .                        (no ring)
Will    .....                    (no ring)
Stlth   ++++                     (no ring)
HPRegen 0.26/turn                (no ring)
MPRegen 0.12/turn                (no ring)
                                 (no ring)
                                 (no ring)

@: lethally poisoned (0 -> -2)
A: almost no armour, amphibious, 8 rings, camouflage 1, gelatinous body 1,
(nimble swimmer 1), tentacles
a: no special abilities


You were on level 3 of the Dungeon.
You visited 1 branch of the dungeon, and saw 3 of its levels.

You collected 87 gold pieces.

Inventory:

Hand Weapons
 a - a +1 dagger (weapon)
Missiles
 g - 2 javelins (quivered)
Scrolls
 d - 3 scrolls of teleportation
 j - a scroll of amnesia
Potions
 b - 2 potions of invisibility
 e - a potion of mutation
 f - a potion of might
 h - a potion of cancellation {unknown}


   Skills:
 + Level 2.2 Short Blades
 + Level 2.8 Dodging
 + Level 5.1 Stealth
 + Level 2.8 Spellcasting
 * Level 1.5 Conjurations
 + Level 3.6 Hexes
 * Level 1.6 Fire Magic
 + Level 1.4 Ice Magic


You had 7 spell levels left.
You knew the following spells:

 Your Spells              Type           Power      Damage    Failure   Level
a - Ensorcelled Hibernat  Hex/Ice        26%        N/A       8%          2
b - Foxfire               Conj/Fire      36%        2x1d5     8%          1

Your spell library contained the following spells:

 Spells                   Type           Power      Damage    Failure   Level
 Confusing Touch          Hex            17%        N/A       10%         3
 Tukima's Dance           Hex            17%        N/A       10%         3
 Dazzling Flash           Conj/Hex       26%        N/A       16%         3
 Frozen Ramparts          Ice            16%        1d3       24%         3
 Stone Arrow              Conj/Erth      10%        3d7       32%         3
 Ice Form                 Ice/Tmut       5%         N/A       71%         4
 Summon Ice Beast         Ice/Summ       5%         N/A       71%         4
 Fireball                 Conj/Fire      4%         3d4       91%         5
 Starburst                Conj/Fire      4%         6d4       100%        6
 Lehudib's Crystal Spear  Conj/Erth      2%         10d2      100%        8
 Animate Armour           Summ/Erth      Unusable   N/A       N/A         4

Dungeon Overview and Level Annotations

Branches:
Dungeon (3/15)

Altars:


Innate Abilities, Weirdness & Mutations

You cannot wear most types of armour.
You are amphibious.
You can wear up to eight rings at the same time.
Your skin changes colour to match your surroundings (Stealth+).
Your rubbery body absorbs attacks. (AC +1, EV +1)
((You are camouflaged when in or above water. (Stealth+)))
You have tentacles for arms and can constrict up to eight enemies at once.


Message History

You are frozen.
The adder closely misses you.
Casting: Ensorcelled Hibernation (safe; 8% risk of failure)
Confirm with . or Enter, or press ? or * to list all spells.
Aiming: Ensorcelled Hibernation (safe; 8% risk of failure)
Press: ? - help, Shift-Dir - straight line, f - adder
Aim: an adder (chance to affect: 55%)
You miscast Ensorcelled Hibernation.
You are very lightly contaminated with residual magic.
Nothing appears to happen.
The gnoll shouts!
You feel sick. The endoplasm freezes you.
You are frozen.
The gnoll throws a stone.
The stone completely misses you. The adder closely misses you.
You hit the adder. Your grab misses the adder.
The adder is moderately wounded.
You feel sick. The endoplasm closely misses you.
The gnoll throws a stone.
The stone hits you. The adder bites you.
You are more poisoned.
The adder poisons you!
You closely miss the adder. Your grab misses the adder.
The adder is moderately wounded.
You feel sick. The endoplasm hits you. The adder bites you.
You are more poisoned.
The adder poisons you!
You feel sick. The adder attacks as you move away! The adder barely misses you.
You feel very sick. The adder bites you but does no damage.
You feel sick.
You feel sick. The endoplasm attacks as you move away!
The endoplasm barely misses you.
You feel sick.
Your magical contamination has completely faded away.
The endoplasm attacks as you move away! The endoplasm hits you.
* * * LOW HITPOINT WARNING * * *
The adder attacks as you move away! The adder bites you.
* * * LOW HITPOINT WARNING * * *
x2 You feel sick.
The adder bites you.
You die...

#....# #.......# . ...###
#.......# #### #.......#
#.......# #.......# #.......#
#.......##### #.#.........#
#.#[.....@S.###########
#.#††.....J...........#
#.#...................#
########............gg........
.............................#
......................)......#
............).........g......#
.............................#
...........##############.....


You could see 3 gnolls, an adder and an endoplasm.

Vanquished Creatures
  Sigmund (D:2)
  Jessica (D:2)
  A gnoll (D:3)
  2 adders
  3 dart slugs
  A bat (D:1)
  2 goblins (D:3)
  A hobgoblin (D:1)
  7 jackals (D:3)
  3 ball pythons
  A frilled lizard (D:1)
  5 kobolds
28 creatures vanquished.

Vanquished Creatures (others)
  9 foxfires (D:2)
9 creatures vanquished.

Grand Total: 37 creatures vanquished

Notes
Turn   | Place    | Note
-------+----------+-------------------------------------------
     0 | D:1      | howech the Octopode Enchanter began the quest for the Orb.
     0 | D:1      | Reached XP level 1. HP: 11/11 MP: 3/3
   294 | D:1      | Found a faded altar of an unknown god.
   387 | D:1      | Reached XP level 2. HP: 17/17 MP: 5/5
   609 | D:1      | Learned a level 2 spell: Ensorcelled Hibernation
   611 | D:1      | Learned a level 1 spell: Foxfire
   766 | D:2      | Noticed Jessica
   774 | D:2      | Killed Jessica
   775 | D:2      | Reached XP level 3. HP: 21/21 MP: 6/6
   809 | D:2      | Noticed Sigmund
   815 | D:2      | Killed Sigmund
   816 | D:2      | Reached skill level 5 in Stealth
   816 | D:2      | Reached skill level 1 in Conjurations
   816 | D:2      | Reached skill level 1 in Fire Magic
   816 | D:2      | Reached skill level 1 in Ice Magic
   816 | D:2      | Reached XP level 4. HP: 27/27 MP: 6/8
   816 | D:2      | Reached XP level 5. HP: 31/31 MP: 6/9
  1359 | D:3      | Reached XP level 6. HP: 36/36 MP: 10/10
  1643 | D:3      | Slain by an adder

Illustrated notes

Levels and vault maps discovered:
D:1:      minmay_arrival_loop, layout_loops_ring,
          shapermc_ecumenical_altar_flowoftime, bh_walls_and_bars
D:2:      layout_rooms, uniq_jessica, uniq_sigmund
D:3:      layout_basic, nicolae_vehumet_radiance, lemuel_blue_sif_altar,
          uniq_natasha

Skill      XL: |  1  2  3 |
---------------+----------+-----
Short Blades   | 2 |  2.2
Stealth        | 5 |  5.1
Conjurations   | 1 |  1.5
Fire Magic     | 1 |  1.6
Ice Magic      | 1 |  1.4
Dodging        | |  2.8
Spellcasting   | |  2.8
Hexes          | |  3.6

Action                     |  1- 3 |  4- 6 || total
---------------------------+-------+-------++-------
  Melee: Dagger            |    21 |    35 ||    56
         Constrict         |     5 |     8 ||    13
         Tentacles         |     4 |     6 ||    10
         Punch             |       |     1 ||     1
   Cast: Foxfire           |     5 |       ||     5
         Ensorcelled Hiber |       |     5 ||     5
    Use: Scroll            |     1 |     4 ||     5
         Potion            |     1 |       ||     1
   Stab: Sleeping          |     7 |     3 ||    10
         Invisible         |     1 |       ||     1
 Armour: Skin              |     2 |     6 ||     8
  Dodge: Dodged            |     6 |    23 ||    29

Table legend: (Time is in decaauts)
 A = Elapsed time spent in this place.
 B = Non-inter-level travel time spent in this place.
 C = Inter-level travel time spent in this place.
 D = Time resting spent in this place.
 E = Time spent auto-exploring this place.
 F = Levels seen in this place.
 G = Mean time per level.
                   A        B        C        D        E       F      G
               +--------+--------+--------+--------+--------+-----+--------+
         Total |   1638 |   1566 |     72 |    165 |   1072 |   3 |  546.0 |
       Dungeon |   1638 |   1566 |     72 |    165 |   1072 |   3 |  546.0 |
               +--------+--------+--------+--------+--------+-----+--------+

Top non-repeatable levels by time:
     D:1: 810 daAuts
     D:2: 527 daAuts
     D:3: 300 daAuts
